 Dungeon Crawl Stone Soup version 0.27.1-1-g398f81649c (webtiles) character file.

Game seed: 13522354753245589992

1522 loralnil the Martial Artist (level 8, -3/57 HPs)
             Began as a Merfolk Transmuter on Sept 16, 2021.
             Slain by a yak (15 damage)
             ... on level 5 of the Dungeon.
             The game lasted 00:10:57 (6479 turns).

loralnil the Martial Artist (Merfolk Transmuter)    Turns: 6479, Time: 00:10:57

Health: -3/57      AC:  2    Str: 11    XL:     8   Next: 84%
Magic:  11/14      EV: 22    Int: 12    God:
Gold:   167        SH:  0    Dex: 21    Spells: 6/16 levels left

rFire    . . .     SeeInvis .     - Unarmed
rCold    . . .     Faith    .   (shield currently unavailable)
rNeg     . . .     Spirit   .   (armour currently unavailable)
rPois    .         Reflect  .   (helmet currently unavailable)
rElec    .         Harm     .   (cloak currently unavailable)
rCorr    .         Rampage  .   (gloves currently unavailable)
Will     .....                  (boots currently unavailable)
Stlth    ++........             (no amulet)
HPRegen  0.19/turn              f - ring of poison resistance
MPRegen  0.14/turn              (no ring)

@: spider-form
A: venomous fangs, tiny, (nimble swimmer 2), (mertail)
a: End Transformation


You were on level 5 of the Dungeon.
You were a venomous arachnid creature.
You visited 1 branch of the dungeon, and saw 5 of its levels.

You collected 167 gold pieces.

Inventory:

Armour
 a - a +1 robe (melded)
 d - a +0 cloak (melded)
 l - a +2 kite shield
Jewellery
 f - a ring of poison resistance (left front leg)
Wands
 q - a wand of flame (15)
Scrolls
 b - 3 scrolls of teleportation
 h - 2 scrolls of enchant armour
 i - a scroll of blinking {unknown}
 j - 2 scrolls of holy word {unknown}
 n - a scroll of noise {unknown}
 o - a scroll of magic mapping {unknown}
 p - a scroll of acquirement {unknown}
Potions
 e - 2 potions of attraction {unknown}
 g - a potion of might {unknown}
 k - a potion of heal wounds
 m - a potion of haste {unknown}
 r - a potion of ambrosia {unknown}


   Skills:
 + Level 2.6 Fighting
 + Level 4.1 Dodging
 * Level 8.6 Unarmed Combat
 - Level 4.5 Spellcasting
 + Level 7.2 Transmutations
 - Level 2.0 Poison Magic


You had 6 spell levels left.
You knew the following spells:

 Your Spells              Type           Power      Damage    Failure   Level
a - Beastly Appendage     Tmut           38%        N/A       5%          1
b - Wereblood             Tmut           19%        N/A       7%          2
c - Spider Form           Tmut/Pois      6%         N/A       24%         3
d - Ice Form              Ice/Tmut       11%        N/A       65%         4

Your spell library contained the following spells:

 Spells                   Type           Power      Damage    Failure   Level
 Corona                   Hex            2%         N/A       43%         1
 Magic Dart               Conj           8%         1d3       43%         1
 Call Imp                 Summ           2%         N/A       54%         2
 Ensorcelled Hibernation  Hex/Ice        4%         N/A       54%         2
 Mephitic Cloud           Conj/Pois/Air  4%         N/A       65%         3
 Tukima's Dance           Hex            2%         N/A       75%         3


Dungeon Overview and Level Annotations

Branches:
Dungeon (5/15)
 Temple: D:4-7

Altars:

Shops:
D:5 =

Annotations:
D:3 1 runed translucent door


Innate Abilities, Weirdness & Mutations

You are a venomous arachnid creature.
You have poisonous fangs.
You are tiny and dextrous.
Your spellcasting is less reliable in this form.
Your armour is entirely melded.
You are incapable of wielding weapons or throwing items.
((You are quick and stealthy near water. (Stealth+, EV+, Speed+++)))
((Your lower body shifts to a powerful aquatic tail in water.))


Message History

You bite the yak!
You kill the yak!
Your Fighting skill increases to level 2!
Your Transmutations skill increases to level 7!
You barely miss the yak. The yak gores you!
You hit the yak.
The yak is poisoned.
The yak is lightly wounded.
The yak gores you.
You hit the yak.
The yak is lightly wounded.
You bite the yak!
The yak is heavily wounded.
The yak gores you!
You hit the yak.
The yak is heavily wounded.
Your transformation is almost over.
The yak gores you!
You bite the yak!
The yak looks as sick as possible!
The yak is almost dead.
The yak gores you but does no damage.
You bite the yak!
You kill the yak!
Your Dodging skill increases to level 4!
The yak misses you. The yak completely misses you. The yak misses you.
You hit the yak.
The yak is lightly wounded.
You hit the yak.
The yak is poisoned.
The yak is lightly wounded.
Your transformation has ended.
Your +0 cloak unmelds from your body.
Your +1 robe unmelds from your body.
The yak gores you!
* * * LOW HITPOINT WARNING * * *
The yak barely misses you.
Casting: Spider Form (dangerous; 10% risk of failure)
Confirm with . or Enter, or press ? or * to list all spells.
You turn into a venomous arachnid creature.
Your +0 cloak melds into your body.
Your +1 robe melds into your body.
The yak gores you!
You die...

+ .# ..########.#
....Y.†....#
..######Y######
#...YY....#
#.##.#s.### #
#.Y..# ####.#
#.#####.#
#.......##
####.....#
#.....####
#.#.#(#.#.## ..
#..........>###...


You could see 4 yaks.

Vanquished Creatures
  2 centaur zombies (D:5)
  2 yaks (D:5)
  A hornet zombie (D:5)
  The ghost of Lordstoney the Firebug, an amateur HuFE (D:3)
  A phantom (D:4)
  A bullfrog (D:3)
  3 scorpions
  A jelly (D:5)
  A hound (D:5)
  An orc priest (D:4)
  An iguana (D:5)
  2 orc wizards (D:4)
  Natasha (thrice) (D:3)
  A river rat (D:3)
  5 adders
  A shadow imp (D:5)
  3 worms
  2 dart slugs (D:1)
  17 orcs
  6 endoplasms (D:1)
  3 giant cockroaches
  3 hobgoblins
  6 jackals
  4 quokkas (D:2)
  A ball python (D:2)
  3 bats
  3 frilled lizards
  3 goblins (D:1)
  6 kobolds
  5 rats
92 creatures vanquished.

Notes
Turn   | Place    | Note
-------+----------+-------------------------------------------
     0 | D:1      | loralnil the Merfolk Transmuter began the quest for the
                  | Orb.
     0 | D:1      | Reached XP level 1. HP: 15/15 MP: 3/3
    51 | D:1      | Reached XP level 2. HP: 7/21 MP: 5/5
   246 | D:1      | Learned a level 2 spell: Wereblood
   518 | D:1      | Found a faded altar of an unknown god.
   788 | D:1      | Reached XP level 3. HP: 26/26 MP: 4/6
   792 | D:1      | Learned a level 3 spell: Spider Form
   888 | D:1      | Reached skill level 4 in Unarmed Combat
  2081 | D:3      | Noticed Natasha
  2095 | D:3      | Killed Natasha
  2096 | D:3      | Reached XP level 4. HP: 23/32 MP: 5/7
  2127 | D:3      | Reached skill level 1 in Poison Magic
  2301 | D:3      | Found a runed translucent door.
  2304 | D:3      | Noticed a bullfrog
  2305 | D:3      | Noticed Lordstoney's ghost (amateur HuFE)
  2410 | D:3      | Found a runed translucent door.
  2476 | D:3      | Noticed Natasha
  2487 | D:3      | Killed Natasha
  2526 | D:3      | Noticed Natasha
  2812 | D:3      | Killed Natasha
  2813 | D:3      | Reached XP level 5. HP: 12/37 MP: 9/9
  3166 | D:3      | Reached skill level 5 in Unarmed Combat
  3348 | D:3      | Killed Lordstoney's ghost
  3349 | D:3      | Reached XP level 6. HP: 39/43 MP: 7/10
  3503 | D:3      | Learned a level 4 spell: Ice Form
  4310 | D:4      | Reached skill level 6 in Unarmed Combat
  4310 | D:4      | Reached skill level 5 in Transmutations
  4310 | D:4      | Reached XP level 7. HP: 48/48 MP: 8/12
  4604 | D:5      | Entered Level 5 of the Dungeon
  5446 | D:5      | Found Ewus's Jewellery Emporium.
  5572 | D:5      | Reached skill level 7 in Unarmed Combat
  5572 | D:5      | Reached XP level 8. HP: 18/54 MP: 12/14
  6352 | D:5      | Reached skill level 8 in Unarmed Combat
  6454 | D:5      | Noticed a yak
  6454 | D:5      | Noticed a yak
  6455 | D:5      | Noticed a yak
  6456 | D:5      | Noticed a yak
  6456 | D:5      | Noticed a yak
  6459 | D:5      | Noticed a yak
  6463 | D:5      | Killed a yak
  6470 | D:5      | Killed a yak
  6479 | D:5      | Slain by a yak

Illustrated notes

Levels and vault maps discovered:
D:1:      erik_arrival_triangle_large, layout_basic,
          shapermc_ecumenical_altar_gd
D:2:      layout_rooms, serial_forest, infiniplex_forest_straight_2,
          infiniplex_forest_zigzag_1, infiniplex_forest_straight_5,
          infiniplex_forest_lined_1, infiniplex_forest_end_3,
          infiniplex_forest_end_2, infiniplex_forest_clump_diagonal,
          chequers_serial_rivers_small_3
D:3:      layout_basic, ebering_ghost_sewer_f, uniq_natasha
D:4:      layout_basic
D:5:      layout_loops_cross, serial_shops, shop, dk_noncrumbling_3,
          st_stairs_10, uniq_crazy_yiuf_cottage, uniq_pikel, uniq_grinder

Skill      XL: |  1  2  3  4  5  6  7  8 |
---------------+-------------------------+-----
Transmutations | 3 4 5 6 7 |  7.2
Unarmed Combat | 4 5 6 7 8 |  8.6
Poison Magic   | 1 2 |  2.0
Spellcasting   | 3 4 |  4.5
Dodging        | 4 |  4.1
Fighting       | 2 |  2.6

Action                   |  1- 3 |  4- 6 |  7- 9 || total
-------------------------+-------+-------+-------++-------
Melee: Unarmed           |   128 |   109 |   148 ||   385
       Headbutt          |    16 |    10 |     9 ||    35
       Punch             |     4 |     2 |     1 ||     7
 Cast: Beastly Appendage |    30 |    13 |     9 ||    52
       Spider Form       |       |     5 |    12 ||    17
  Use: Scroll            |     7 |     3 |       ||    10
       Potion            |       |     1 |     1 ||     2
 Stab: Sleeping          |     1 |     1 |       ||     2
Armor: Robe              |    31 |    11 |    20 ||    62
       Skin              |       |       |     9 ||     9
Dodge: Dodged            |    86 |    53 |   134 ||   273
